Map: [ESL] Tropical Sacrifice

Players

Killermonjas

  • Race: Protoss Protoss
  • Spawn Location: 7:00

trigger - Winner!

  • Race: Protoss Protoss
  • Spawn Location: 1:00

Event: DreamHack SC2 Masters 2022 Valencia

VOD

Have the link to the VOD?

Description

Time

  • Played on: July 1, 2022, 10:25 a.m.
  • Length: 5:14

All games in this series

Show
View Real Time Build Order
Export as new Build Order

Killermonjas Protoss 

Build Orders:  

Get SALT Encoding   

  12  0:00  Probe  
  13  0:12  Probe  
  14  0:21  Pylon  
  14  0:24  Probe (Chrono Boost)  
  15  0:39  Gateway  
  15  0:41  Probe (Chrono Boost)  
  16  0:46  Probe (Chrono Boost)  
  17  0:50  Assimilator  
  17  0:56  Probe  
  18  0:57  Assimilator  
  18  1:08  Probe  
  19  1:11  Gateway  
  19  1:20  Probe (Chrono Boost)  
  20  1:28  Cybernetics Core  
  20  1:32  Probe (Chrono Boost)  
  21  1:37  Pylon  
  21  1:41  Probe (Chrono Boost)  
  22  1:48  Probe  
  23  2:00  Pylon, Probe  
  24  2:09  Robotics Facility  
  24  2:16  Stalker  
  24  2:17  Warp Gate (Chrono Boost)  
  26  2:27  Pylon  
  26  2:34  Stalker  
  28  2:47  Pylon  
  27  3:01  Immortal (Chrono Boost)  
  31  3:16  Gateway  
  31  3:21  Gateway  
  31  3:40  Observer (Chrono Boost)  
  32  3:52  Warp Prism (Chrono Boost)  
  34  4:01  Sentry x2  
  38  4:27  Pylon  
  38  4:29  Stalker x4  
Show
View Real Time Build Order
Export as new Build Order

trigger Protoss - Winner!

Build Orders: 1 Gate Expand 

Get SALT Encoding   

  12  0:00  Probe  
  13  0:12  Probe  
  14  0:20  Pylon  
  14  0:24  Probe  
  15  0:38  Probe (Chrono Boost)  
  15  0:39  Gateway  
  16  0:47  Probe (Chrono Boost)  
  16  0:48  Assimilator  
  17  0:52  Probe  
  18  1:05  Probe  
  19  1:17  Probe  
  20  1:25  Nexus  
  20  1:29  Probe  
  21  1:37  Cybernetics Core  
  21  1:45  Assimilator  
  21  1:47  Probe  
  22  1:53  Pylon  
  22  1:59  Probe  
  23  2:10  Warp Gate (Chrono Boost)  
  23  2:11  Probe  
  23  2:13  Gateway  
  24  2:20  Stalker  
  26  2:26  Probe (Chrono Boost)  
  27  2:33  Robotics Facility  
  27  2:37  Probe (Chrono Boost)  
  29  2:46  Probe x2 (Chrono Boost)  
  30  2:51  Stalker  
  30  2:55  Probe  
  33  3:01  Shield Battery  
  33  3:07  Stalker  
  34  3:19  Immortal (Chrono Boost)  
  38  3:28  Probe  
  38  3:29  Probe  
  38  3:32  Pylon  
  40  3:40  Probe  
  41  3:45  Sentry  
  43  3:50  Immortal (Chrono Boost)  
  43  3:51  Probe  
  48  3:56  Probe  
  48  4:00  Pylon  
  49  4:03  Sentry  
  51  4:10  Probe x2  
  53  4:18  Pylon  
  53  4:22  Probe, Warp Prism (Chrono Boost)  
  53  4:23  Pylon  
  54  4:28  Probe  
  54  4:30  Stalker  
  59  4:33  Stalker  
  59  4:35  Probe  
  62  4:41  Shield Battery  
  62  4:42  Probe  
  63  4:57  Stalker  
  63  4:58  Stalker  

Tags
 
Add a new tag
Caveats
  • Supply blocks, unpowered buildings, or Contaminate may cause inaccurate times.
  • Supply counts are checked every 10 seconds.